 Dungeon Crawl Stone Soup version 0.31-a0-1606-g60c5cc7444 (webtiles) character file.

Game seed: 7225784870105187962

53 Keeyek the Cudgeller (level 3, -3/2 HPs)
             Began as a Gargoyle Gladiator on Jan 8, 2024.
             Slain by Terence
             ... wielding a +5 mace of protection
              (5 damage)
             ... on level 2 of the Dungeon.
             The game lasted 00:10:30 (1392 turns).

Keeyek the Cudgeller (Gargoyle Gladiator)           Turns: 1392, Time: 00:10:30

Health: -3/2       AC:  0    Str: 19    XL:     3   Next: 87%
Magic:  3/3        EV: 12    Int:  8    God:
Gold:   109        SH:  0    Dex: 11    Spells: 2/2 levels left

rFire   . . .        a - melded +0 flail
rCold   . . .        (shield currently unavailable)
rNeg    + . .        f - melded +0 ring mail
rPois   ∞            c - melded +0 helmet
rElec   +            (cloak currently unavailable)
rCorr   .            (gloves currently unavailable)
SInv    .            (boots currently unavailable)
Will    .....        (no amulet)
Stlth   +            (no ring)
HPRegen 0.20/turn    (no ring)
MPRegen 0.08/turn

%: no passive effects
@: storm-form, flying
A: cleaving, insubstantial, flying, reduced hp, sickness immunity, AC +3,
negative energy resistance 1, (electricity resistance), torment resistance 1,
petrification resistance
a: Blinkbolt, Begin Untransformation


You were on level 2 of the Dungeon.
You were a lightning-filled tempest!
You visited 1 branch of the dungeon, and saw 2 of its levels.

You collected 109 gold pieces.

Inventory:

Hand Weapons
 a - a +0 flail (melded)
Missiles
 d - 2 throwing nets (quivered)
 e - a javelin
 i - 3 curare-tipped darts
Armour
 b - a +0 leather armour
 c - a +0 helmet (melded)
 f - a +0 ring mail (melded)
Magical Staves
 l - a staff of earth
Talismans
 n - a flux talisman
 o - a storm talisman (active)
Scrolls
 g - a scroll of amnesia {unknown}
 h - a scroll of teleportation {unknown}
 j - a scroll of silence {unknown}
 k - 2 scrolls of identify {unknown}
Potions
 m - a potion of attraction {unknown}
 p - a potion of lignification {unknown}


   Skills:
 + Level 2.9 Fighting
 + Level 3.6 Maces & Flails
 + Level 1.7 Throwing
 + Level 1.4 Armour
 + Level 2.7 Dodging


You had 2 spell levels left.
You didn't know any spells.
Your spell library contained the following spells:

 Spells                   Type           Power      Damage    Failure   Level
 Hailstorm                Conj/Ice       0%         3d5       78%         3
 Summon Ice Beast         Ice/Summ       0%         N/A       78%         3
 Sculpt Simulacrum        Ice/Alch       0%         N/A       100%        6


Dungeon Overview and Level Annotations

Branches:
Dungeon (2/15)

Altars:

Annotations:
D:2 Terence


Innate Abilities, Weirdness & Mutations

You are a lightning-filled tempest!
Your electrical attacks strike out in all directions at once.
You are incredibly evasive.
Your insubstantial body is immune to petrification, constriction, and being set on fire You are flying.
Your maximum health is decreased, since you lack skill for your form.
Your armour is entirely melded.
You are incapable of wielding weapons or throwing items.
You are immune to sickness and miasma.
((Your stone body is resilient. (AC +3)))
You are immune to poison.
You resist negative energy. (rN+)
((You are resistant to electric shocks. (rElec)))
You are resistant to unholy torment.
You are immune to petrification.


Message History

a bat skeleton A kobold comes into view.
It is wielding a +0 short sword.
The kobold shouts!
You hit the kobold.
The kobold is moderately wounded.
The kobold hits you but does no damage.
Terence the Incautious comes into view.
He is wielding a +5 mace of protection and wearing a +0 scale mail of cold resistance.
The kobold barely misses you.
You closely miss the kobold.
Terence shouts!
Your punch misses the kobold.
The kobold is moderately wounded.
The kobold hits you but does no damage.
You hit the kobold.
The kobold is severely wounded.
The kobold barely misses you. The ball python barely misses you.
The ball python grabs you. The ball python constricts you.
You escape the ball python's grasp.
The kobold barely misses you.
The teleport trap disappears.
The ball python disappears!
The kobold attacks as it pursues you! The kobold barely misses you.
There are monsters nearby!
The kobold hits you but does no damage.
You begin transforming.
You continue transforming.
The kobold hits you but does no damage.
You continue transforming.
The kobold hits you with a +0 short sword.
Terence hits you with a +5 mace of protection!
You continue transforming.
The kobold completely misses you.
Terence hits you with a +5 mace of protection.
You turn into a lightning-filled tempest!
Your +0 flail melds into your body.
Your +0 helmet melds into your body.
Your +0 ring mail melds into your body.
You hit the kobold. Lightning courses through the kobold!!
You kill the kobold!
You barely miss Terence. Terence misses you.
Terence hits you with a +5 mace of protection.
Ouch! That really hurt!
You die...
Terence says, "Time to find some more victims."

#.##.....## .# #........ ..# #.#
###..#..### #.# # ... #..#....#
#.#### .###.# #.#.###.# ###....#
#....# # #.#.# #.# #......#
#....#....... #.#.# #.#
#.#....####............
#.#.###.###.#....).......#.......
................v@.S....##.......
#.#.###.########..########.......
......#.### #..# #.......
..#.#.....# #<.########>......
###.###.#.# #....†.......#...# #
#...#.#.# ##.########.##.##. #
###.#.#.# #.# #.##.##. #
#.#.#.#######.# #.##.##. #
#.#.#.#...)...# #.......


You could see Terence and a ball python.

Vanquished Creatures
  An adder (D:2)
  A ribbon worm (D:2)
  3 ball pythons
  2 bats
  5 endoplasms
  3 giant cockroaches
  A goblin (D:2)
  4 hobgoblins
  2 jackals (D:1)
  4 kobolds
  3 quokkas
  4 frilled lizards
  4 rats
37 creatures vanquished.

Notes
Turn   | Place    | Note
-------+----------+-------------------------------------------
     0 | D:1      | Keeyek the Gargoyle Gladiator began the quest for the Orb.
     0 | D:1      | Reached XP level 1. HP: 12/12 MP: 1/1
    98 | D:1      | Reached XP level 2. HP: 16/18 MP: 2/2
   829 | D:2      | Reached XP level 3. HP: 5/22 MP: 3/3
  1090 | D:2      | Reached skill level 1 in Armour
  1379 | D:2      | Noticed Terence
  1392 | D:2      | Slain by Terence

Illustrated notes

Levels and vault maps discovered:
D:1:      dpeg_arrival_stone_temple_mockup, layout_basic, st_stairs_14
D:2:      layout_loops_ring, shapermc_ecumenical_altar_ellora, minivault_24,
          minmay_crystal_water, uniq_terence, uniq_jessica

Skill      XL: |  1  2  3 |
---------------+----------+-----
Armour         | 1 |  1.4
Fighting       | |  2.9
Maces & Flails | |  3.6
Throwing       | |  1.7
Dodging        | |  2.7

Action                     || total
---------------------------++-------
  Melee: Flail             ||    88
         Unarmed           ||     1
         Punch             ||     1
  Throw: Throwing net      ||     1
    Use: Potion            ||     1
 Armour: Ring mail         ||    74
         Skin              ||     1
  Dodge: Dodged            ||    76
   Form: Storm             ||     1

Table legend: (Time is in decaauts)
 A = Elapsed time spent in this place.
 B = Non-inter-level travel time spent in this place.
 C = Inter-level travel time spent in this place.
 D = Time resting spent in this place.
 E = Time spent auto-exploring this place.
 F = Levels seen in this place.
 G = Mean time per level.
                   A        B        C        D        E       F      G
               +--------+--------+--------+--------+--------+-----+--------+
         Total |   1399 |   1323 |     76 |      0 |      0 |   2 |  699.5 |
       Dungeon |   1399 |   1323 |     76 |      0 |      0 |   2 |  699.5 |
               +--------+--------+--------+--------+--------+-----+--------+

Top non-repeatable levels by time:
     D:1: 818 daAuts
     D:2: 581 daAuts
